 Dungeon Crawl Stone Soup version 0.30-a0-920-g7493c07aab (webtiles) character file.

Game seed: 8043982826537288938

1967 Dirian the Carver (level 9, 0/75 HPs)
             Began as a Minotaur Fighter on Mar 21, 2023.
             Was a Believer of Lugonu.
             Killed from afar by an electric eel (11 damage)
             ... with a bolt of electricity
             ... in a bailey.
             The game lasted 00:14:22 (5872 turns).

Dirian the Carver (Minotaur Fighter)                Turns: 5872, Time: 00:14:22

Health: 0/75       AC: 13    Str: 26    XL:     9   Next: 0%
Magic:  9/9        EV:  7    Int:  5    God:    Lugonu [**....]
Gold:   324        SH: 11    Dex: 12    Spells: 8/8 levels left

rFire   + . .      SeeInvis .    a - +0 long sword
rCold   . . .      Faith    .    o - +2 kite shield
rNeg    . . .      Spirit   .    y - +0 chain mail
rPois   .          Reflect  .    (helmet restricted)
rElec   .          Rampage  .    (no cloak)
rCorr   .                        m - +1 pair of gloves {Str+3}
Will    .....                    (no boots) Stlth
                                 (no amulet)
HPRegen 0.32/turn                d - ring of protection from fire
MPRegen 0.11/turn                k - ring of flight

@: flying, studying Armour
A: horns 2, retaliatory headbutt
a: Renounce Religion, Depart the Abyss, Banish


You were in a bailey.
You worshipped Lugonu.
Lugonu was pleased with you.
You visited 1 branch of the dungeon, and saw 7 of its levels.
You visited the Abyss 1 time.
You also visited: Sewer and Bailey.

You collected 324 gold pieces.

Inventory:

Hand Weapons
 a - a +0 long sword (weapon)
 B - a +0 morningstar
Armour
 m - a +1 pair of gloves of strength (worn)
 o - a +2 kite shield (worn)
 y - a +0 chain mail (worn)
Jewellery
 d - a ring of protection from fire (left hand)
 k - a ring of flight (right hand)
 D - a ring of see invisible
Wands
 b - a wand of roots (5)
 s - a wand of acid (4)
 u - a wand of flame (1)
Scrolls
 c - 2 scrolls of enchant weapon
 e - a scroll of magic mapping
 i - 5 scrolls of enchant armour
 j - 5 scrolls of fear
 p - 2 scrolls of immolation
 r - a scroll of identify
 t - 4 scrolls of teleportation
 x - a scroll of brand weapon
 z - a scroll of blinking
Potions
 f - 2 potions of mutation
 g - a potion of attraction
 h - a potion of haste
 l - a potion of ambrosia
 n - a potion of resistance
 q - 3 potions of curing
 v - a potion of flight
 w - a potion of heal wounds
 A - a potion of magic


   Skills:
 + Level 6.2 Fighting
 + Level 9.2 Long Blades
 + Level 8.2 Armour
 + Level 6.6 Shields
 * Level 2.5 Invocations
 + Level 0.3 Evocations


You had 8 spell levels left.
You didn't know any spells.
Your spell library contained the following spells:

 Spells                   Type           Power      Damage    Failure   Level
 Blink                    Tloc           0%         N/A       100%        2
 Cigotuvi's Dreadful Rot  Necr/Pois/Air  0%         N/A       100%        2
 Lesser Beckoning         Tloc           0%         N/A       100%        2
 Momentum Strike          Conj/Tloc      0%         3d8       100%        2
 Dispel Undead            Necr           0%         3d6       100%        4
 Death Channel            Necr           0%         N/A       100%        6


Dungeon Overview and Level Annotations

Branches:
Dungeon (7/15) Zot: 26898  Temple (0/1) D:7           Sewer (visited)
 Bailey (1/1) Zot: 5946

Altars:

Shops:
D:2 *   D:4 *


Innate Abilities, Weirdness & Mutations

You have a pair of horns on your head.
You reflexively headbutt those who attack you in melee.


Message History

Increase (S)trength, (I)ntelligence, or (D)exterity?
You feel stronger. x2
Items here: )))) †††.
Okay, then.
Found 2 potions of degeneration.
There is an open door here.
You hear the faint creaking of a portcullis.
There is a flagged portal here.
The world spins around you as you enter the gateway.
You enter a bailey!
Found a gate leading back out of this place.
There is an empty arch of ancient stone here.
There is a gate leading back out of this place here.
An electric eel comes into view.
The electric eel shoots out a bolt of lightning at you!
The bolt of electricity hits you.
The electric eel shoots out a bolt of lightning at you!
The bolt of electricity misses you.
The electric eel shoots out a bolt of lightning at you!
The bolt of electricity hits you!
The electric eel shoots out a bolt of lightning at you!
The bolt of electricity misses you.
The electric eel shoots out a bolt of lightning at you!
The bolt of electricity hits you!
The electric eel shoots out a bolt of lightning at you!
The bolt of electricity hits you!
The electric eel shoots out a bolt of lightning at you!
The bolt of electricity hits you! x2
* * * LOW HITPOINT WARNING * * *
The bolt of electricity hits the electric eel.
The electric eel completely resists.
You hit the electric eel.
The electric eel is moderately wounded.
You closely miss the electric eel.
The electric eel is moderately wounded.
The electric eel shoots out a bolt of lightning at you!
The bolt of electricity hits you.
* * * LOW HITPOINT WARNING * * *
The bolt of electricity hits you!
You die...

#≈≈≈≈≈# ########
#≈≈≈≈≈# .......+
#≈≈≈≈≈#
~~~~~~~######≈≈≈≈≈#
≈≈≈≈≈≈≈≈≈≈≈≈≈≈≈≈≈≈#
≈≈≈≈≈≈≈≈≈≈≈≈≈≈≈≈≈≈#
≈≈≈≈≈≈≈≈≈≈≈≈≈≈≈≈≈≈#
≈≈≈≈≈≈≈≈≈≈≈≈≈≈≈S@≈#
≈≈≈≈≈≈≈≈≈≈≈≈≈≈≈≈≈≈#
≈≈≈≈≈≈≈≈≈≈≈≈≈≈≈≈≈≈#
≈≈≈≈≈≈≈≈≈≈≈≈≈≈≈≈≈≈#
≈≈≈≈≈≈≈≈≈≈≈≈≈≈≈≈≈≈#
###################


You could see an electric eel.

Vanquished Creatures
  Grinder (D:4)
  2 black bears
  An ice beast (D:5)
  A centaur (D:6)
  3 bullfrogs
  2 gnoll sergeants
  2 scorpions (D:5)
  A small abomination (Abyss:1)
  3 hounds
  3 iguanas
  2 sleepcaps (D:6)
  An orc wizard (D:4)
  12 gnolls
  10 river rats
  13 adders
  3 white imps
  4 ufetubi
  8 orcs
  4 endoplasms
  7 giant cockroaches
  5 goblins
  9 hobgoblins
  2 jackals (D:4)
  13 kobolds
  3 quokkas
  16 ball pythons
  7 bats
  4 frilled lizards
  29 rats
171 creatures vanquished.

Vanquished Creatures (others)
  8 plants (D:2)
8 creatures vanquished.

Grand Total: 179 creatures vanquished

Notes
Turn   | Place    | Note
-------+----------+-------------------------------------------
     0 | D:1      | Dirian the Minotaur Fighter began the quest for the Orb.
     0 | D:1      | Reached XP level 1. HP: 19/19 MP: 0/0
    84 | D:1      | Reached XP level 2. HP: 27/27 MP: 1/1
   641 | D:2      | Found Egagi's General Store.
   675 | D:2      | Reached XP level 3. HP: 33/33 MP: 2/2
   717 | D:2      | Reached skill level 3 in Long Blades
   728 | D:2      | Reached XP level 4. HP: 32/40 MP: 3/3
  1303 | D:3      | Reached skill level 4 in Long Blades
  1318 | D:3      | Found a glowing drain.
  1327 | Sewer    | Entered a sewer
  1369 | Sewer    | Reached XP level 5. HP: 17/47 MP: 4/4
  1545 | Sewer    | Reached skill level 5 in Armour
  1653 | Sewer    | Reached skill level 5 in Long Blades
  1748 | Sewer    | Reached XP level 6. HP: 29/53 MP: 5/5
  2686 | D:4      | Noticed Grinder
  2696 | D:4      | Reached skill level 6 in Long Blades
  2714 | D:4      | Killed Grinder
  2715 | D:4      | Reached skill level 5 in Fighting
  2715 | D:4      | Reached skill level 5 in Shields
  2715 | D:4      | Reached XP level 7. HP: 31/61 MP: 6/6
  2913 | Abyss:1  | Cast into level 1 of the Abyss (orc)
  2929 | Abyss:1  | Found a corrupted altar of Lugonu.
  2936 | Abyss:1  | Found a corrupted altar of Lugonu.
  2941 | Abyss:1  | Found a corrupted altar of Lugonu.
  2941 | Abyss:1  | Found a corrupted altar of Lugonu.
  2975 | Abyss:1  | Found a corrupted altar of Lugonu.
  2975 | Abyss:1  | Found a corrupted altar of Lugonu.
  2982 | Abyss:1  | Noticed a ynoxinul
  2983 | Abyss:1  | Became a worshipper of Lugonu the Unformed
  2983 | Abyss:1  | Reached * piety under Lugonu
  2983 | Abyss:1  | Reached ** piety under Lugonu
  2985 | D:4      | Escaped the Abyss
  3031 | D:4      | Reached skill level 7 in Long Blades
  3247 | D:4      | Found Uxug's Mass Market.
  3783 | D:5      | Entered Level 5 of the Dungeon
  3922 | D:5      | Reached XP level 8. HP: 9/69 MP: 7/7
  4195 | D:5      | Reached skill level 8 in Long Blades
  4434 | D:5      | Reached skill level 1 in Invocations
  4878 | D:5      | Identified a scroll of acquirement
  4878 | D:5      | Acquired a manual of Armour
  5517 | D:6      | Reached skill level 9 in Long Blades
  5793 | D:7      | Found a flagged portal.
  5812 | D:7      | Reached XP level 9. HP: 69/75 MP: 9/9
  5819 | Bailey   | Entered a bailey
  5872 | Bailey   | Killed from afar by an electric eel

Illustrated notes

Levels and vault maps discovered:
D:1:      matt_arrival_refuge, layout_rooms
D:2:      layout_rooms, serial_forest, infiniplex_forest_straight_4,
          infiniplex_forest_clump_double, infiniplex_forest_end_2,
          infiniplex_forest_lined_room_2, infiniplex_forest_clump_medium,
          infiniplex_forest_straight_2, infiniplex_forest_lined_4_way,
          serial_shops, shop, eino_tiny_chamber, chequers_serial_rivers_large_a,
          chequers_avenue
D:3:      layout_loops_ring, nicolae_overflow_hidden_temple,
          portal_sewer_entry_b, supply_closet_lemuel, grunt_ministairs_7
D:4:      layout_basic, chequers_serial_rivers_room_a,
          hangedman_decor_diamond_cutter, minmay_shop_mass, uniq_grinder
D:5:      layout_loops_ring, minmay_misc_feat_iff
D:6:      layout_basic, ebering_dispersal_statue_hall
D:7:      layout_rooms, minmay_temple_entry_purple_smoke, enter_bailey_7,
          serial_rivers, chequers_serial_rivers_room_a,
          chequers_serial_rivers_room_b, chequers_serial_rivers_micro_e,
          chequers_serial_rivers_large_b, chequers_serial_rivers_micro_b,
          chequers_serial_rivers_micro_c, gammafunk_ghost_hive
Bailey:   bailey_axe_of_yendor_kennysheep, bailey

Skill      XL: |  1  2  3  4  5  6  7  8 |
---------------+-------------------------+-----
Armour         | 4 5 6 8 |  8.2
Shields        | 4 5 6 |  6.6
Fighting       | 4 5 6 |  6.2
Long Blades    | 3 4 5 6 7 9 |  9.2
Invocations    | 2 |  2.5
Evocations     | |  0.3

Action                     |  1- 3 |  4- 6 |  7- 9 || total
---------------------------+-------+-------+-------++-------
  Melee: Long sword        |    62 |   173 |   242 ||   477
         Headbutt          |     7 |    27 |    51 ||    85
 Invoke: Depart the Abyss  |       |       |     1 ||     1
         Banish            |       |       |     2 ||     2
  Evoke: Wand              |       |     2 |       ||     2
    Use: Potion            |     1 |     7 |       ||     8
         Scroll            |       |     7 |     9 ||    16
 Armour: Scale mail        |    34 |   114 |   102 ||   250
         Chain mail        |       |       |     9 ||     9
  Dodge: Dodged            |    33 |   119 |    84 ||   236
  Block: Buckler           |    17 |    62 |     3 ||    82
         Kite shield       |       |       |   145 ||   145

Table legend: (Time is in decaauts)
 A = Elapsed time spent in this place.
 B = Non-inter-level travel time spent in this place.
 C = Inter-level travel time spent in this place.
 D = Time resting spent in this place.
 E = Time spent auto-exploring this place.
 F = Levels seen in this place.
 G = Mean time per level.
                   A        B        C        D        E       F      G
               +--------+--------+--------+--------+--------+-----+--------+
         Total |   6016 |   5720 |    296 |    248 |   3891 |  10 |  601.6 |
       Dungeon |   5317 |   5021 |    296 |    191 |   3740 |   7 |  759.6 |
         Abyss |     75 |     75 |      0 |      0 |      0 |   1 |   75.0 |
         Sewer |    571 |    571 |      0 |     57 |    151 |   1 |  571.0 |
        Bailey |     52 |     52 |      0 |      0 |      0 |   1 |   52.0 |
               +--------+--------+--------+--------+--------+-----+--------+

Top non-repeatable levels by time:
     D:4: 1244 daAuts
     D:3: 977 daAuts
     D:5: 946 daAuts
     D:6: 811 daAuts
     D:2: 743 daAuts
   Sewer: 571 daAuts
     D:1: 491 daAuts
     D:7: 101 daAuts
 Abyss:1: 75 daAuts
  Bailey: 52 daAuts
